 Dungeon Sprint DCSS version 0.31-a0-844-gdc52ec4e09 (webtiles) character file.

Game seed: 3836070382260407751

16852 sircluck the Brawler (level 12, -2/216 HPs)
             Began as a Troll Berserker on Sept 29, 2023.
             Was a High Priest of Trog.
             Hit by a boomerang thrown by a merfolk (7 damage)
             ... led by a merfolk javelineer
             ... in the Dungeon (Sprint VII: "The Pits").
             The game lasted 00:06:22 (1699 turns).

sircluck the Brawler (Troll Berserker)              Turns: 1699, Time: 00:06:22

Health: -2/216     AC:  6    Str: 32    XL:     12   Next: 13%
Magic:  11/11      EV: 16    Int:  3    God:    Trog [*****.]
Gold:   69         SH:  0    Dex: 12    Spells: 11/11 levels left

rFire   . .          .
                       - Unarmed
rCold   . . .        (no shield)
rNeg    . . .        a - +0 animal skin
rPois   .            s - +2 hat
rElec   .            (no cloak)
rCorr   .            (gloves unavailable)
SInv    .            (boots unavailable)
Will    +....        (no amulet) Stlth
                     y - ring of willpower
HPRegen 1.36/turn    m - +3 ring of dexterity
MPRegen 0.12/turn

%: no teleportation
@: berserking, very quick
A: large, unfitting armour, claws 3, regeneration 1, shaggy fur 1, tough skin 1
a: Renounce Religion, Berserk, Trog's Hand, Brothers in Arms


You were in the Dungeon.
You worshipped Trog.
Trog was extremely pleased with you.
You visited 1 branch You collected 69 gold pieces.

Inventory:

Missiles
 p - 14 large rocks (quivered)
 r - 4 javelins
 t - 23 poisoned darts
 A - 6 stones
Armour
 a - a +0 animal skin (worn)
 s - a +2 hat (worn)
Jewellery
 l - a +3 ring of intelligence
 m - a +3 ring of dexterity (right claw)
 y - a ring of willpower (left claw)
 z - a ring of positive energy
Wands
 k - a wand of polymorph (11)
 q - a wand of paralysis (10)
Scrolls
 g - 3 scrolls of blinking
 i - 2 scrolls of vulnerability
 j - a scroll of butterflies
 u - 2 scrolls of enchant armour
 v - 4 scrolls of identify
 w - 2 scrolls of fear
 x - 2 scrolls of fog
Potions
 b - 4 potions of curing
 c - 13 potions of heal wounds
 d - 3 potions of haste
 e - 4 potions of magic
 f - 4 potions of berserk rage
 h - a potion of invisibility
 n - 5 potions of might
 o - 3 potions of mutation


   Skills:
 + Level 15.7 Fighting
 + Level 15.5 Dodging
 + Level 18.2 Unarmed Combat


You had 11 spell levels left.
You didn't know any spells.
Your spell library was empty.

Dungeon Overview and Level Annotations

Branches:
Dungeon (1/1)

Altars:
Ashenzari
Cheibriados
Dithmenos
Elyvilon
Fedhas
Gozag
Hepliaklqana
Kikubaaqudgha
Makhleb
Nemelex Xobeh
Okawaru
Qazlal
Ru
Sif Muna
Trog
Uskayaw
Vehumet
Wu Jian
Xom
Yredelemnul
Zin
The Shining One
Jiyva
Lugonu


Innate Abilities, Weirdness & Mutations

You are too large for most types of armour.
You have claws for hands.
Your natural rate of healing is unusually fast.
You are covered in fur. (AC +1)
You have tough skin. (AC +1)


Message History

You scratch the purple draconian but do no damage.
The purple draconian is moderately wounded.
The merfolk throws a boomerang.
The boomerang completely misses you. The merfolk barely misses you.
The merfolk javelineer throws a javelin.
The javelin pierces through you!
The white draconian hits something with the +9 trident of Rocoz {freeze, Will+ rCorr}!!
The white draconian freezes something.
The purple draconian breathes dispelling energy at you.
The bolt of dispelling energy hits you!!
A red film seems to cover your vision as you go berserk!
You feel yourself moving faster!
You feel mighty!
The merfolk throws a boomerang.
The boomerang hits you!
The merfolk throws a boomerang.
The boomerang closely misses you.
The white draconian completely misses something.
The purple draconian hits you with the +9 sword of Zonguldrok {reap}!
You completely miss the purple draconian.
The purple draconian is moderately wounded.
You completely miss the purple draconian.
You claw the purple draconian!
The purple draconian is heavily wounded.
The merfolk throws a boomerang.
The boomerang barely misses you.
The merfolk throws a boomerang.
The boomerang hits you!
* * * LOW HITPOINT WARNING * * *
The merfolk javelineer throws a javelin.
The javelin pierces through you!!
* * * LOW HITPOINT WARNING * * *
You mangle the purple draconian!! Your claw misses the purple draconian.
The purple draconian is almost dead.
The purple draconian hits you with the +9 sword of Zonguldrok {reap}!!
* * * LOW HITPOINT WARNING * * *
Your deep troll bites the merfolk javelineer!!
Your deep troll claws the merfolk javelineer.
Your deep troll barely misses the merfolk javelineer.
Unknown command.
Unknown command.
You claw the purple draconian!
The purple draconian is almost dead.
The merfolk throws a boomerang.
The boomerang hits you!
You die...

#..####''####++#
#..####''####++#######
#..##......##.........
############..##.#+##.##.....)..รท
..............##.# ='.##..#######
..............##.'[.#.##..#
###''###########.#m.'.##..#
###''###########d'm:#.##..#
..........##..##@##'#.##..#
#..#......##..##.mT...##..#
..........''..##########..#
..........''..##########..#
#..#......##..).......))..#
..........##..............#
###''######################
.##''############ ########## ####
.##...)..'..))..###........###...


You could see a purple draconian, a merfolk javelineer (ally target), 2 merfolk
and a friendly deep troll (summoned, berserk).

Vanquished Creatures
  A great orb of eyes (D)
  2 two-headed ogres (D)
  Urug (D)
  A sun demon (D)
  A sea snake (D)
  A cyclops (D)
  An elephant (D)
  A black mamba (D)
  A molten gargoyle (D)
  A cane toad (D)
  An unseen horror (D)
  A smoke demon (D)
  A tarantella (D)
  A tarantella (shapeshifter) (D)
  4 dream sheep (D)
  A snapping turtle (D)
  A shadow (D)
  A spriggan (D)
  A jumping spider (D)
  A ynoxinul (D)
  A yak (D)
  A fire bat (D)
  A wraith (D)
  2 vampire mosquitoes (D)
  A basilisk (D)
  3 water moccasins (D)
  An ice beast (D)
  3 orc warriors (D)
  An ogre (D)
  A centaur (D)
  Blork the orc (D)
  A scorpion (D)
  A crimson imp (D)
  A gnoll bouda (D)
  2 orc wizards (D)
  A mummy (D)
  4 gnolls (D)
  3 adders (D)
  A river rat (D)
  An ufetubus (D)
  A worm (D)
  5 orcs (D)
  2 endoplasms (D)
  A giant cockroach (D)
  2 goblins (D)
  4 kobolds (D)
  A frilled lizard (D)
  A quokka simulacrum (D)
72 creatures vanquished.

Vanquished Creatures (collateral kills)
  Gastronok (D)
  Polyphemus (D)
  A fire dragon (D)
  A hydra (D)
  A fire crab (D)
  An orc knight (D)
  A smoke demon (D)
  A cane toad (D)
  A kobold demonologist (D)
  A rime drake (D)
  A flying skull (D)
  A spriggan (D)
  A wraith (D)
  3 yaks (D)
  A chaos spawn (D)
  An orc warrior (D)
  4 kobold brigands (D)
  A bullfrog (D)
  A quasit (D)
  An adder (D)
  4 orcs (D)
  A kobold (D)
30 creatures vanquished.

Vanquished Creatures (others)
  2 wizards (D)
  A swamp drake (D)
3 creatures vanquished.

Grand Total: 105 creatures vanquished

Notes
Turn   | Place    | Note
-------+----------+-------------------------------------------
     0 | D        | sircluck the Troll Berserker began the quest for the Orb.
     0 | D        | Reached XP level 1. HP: 22/22 MP: 0/0
    28 | D        | Found a bloodstained altar of Trog.
    28 | D        | Found a shimmering blue altar of Sif Muna.
    28 | D        | Found a viscous altar of Jiyva.
    28 | D        | Found a hazy altar of Hepliaklqana.
    28 | D        | Found an opulent altar of Gozag.
    29 | D        | Found a glowing golden altar of the Shining One.
    29 | D        | Found a glowing silver altar of Zin.
    29 | D        | Found a basalt altar of Yredelemnul.
    29 | D        | Found a shimmering altar of Xom.
    29 | D        | Found an ornate altar of the Wu Jian Council.
    29 | D        | Found a sacrificial altar of Ru.
    29 | D        | Found a stormy altar of Qazlal.
    29 | D        | Found an iron altar of Okawaru.
    29 | D        | Found a sparkling altar of Nemelex Xobeh.
    29 | D        | Found a burning altar of Makhleb.
    29 | D        | Found a blossoming altar of Fedhas.
    29 | D        | Found a white marble altar of Elyvilon.
    29 | D        | Found a shadowy altar of Dithmenos.
    29 | D        | Found a snail-covered altar of Cheibriados.
    32 | D        | Found a corrupted altar of Lugonu.
    32 | D        | Found a radiant altar of Vehumet.
    33 | D        | Found an ancient bone altar of Kikubaaqudgha.
    33 | D        | Found a hide-covered altar of Uskayaw.
    33 | D        | Found a broken altar of Ashenzari.
    72 | D        | Noticed a scorpion
    77 | D        | Killed a scorpion
    78 | D        | Reached skill level 5 in Unarmed Combat
    78 | D        | Reached XP level 2. HP: 29/32 MP: 1/1
    78 | D        | Reached XP level 3. HP: 35/39 MP: 2/2
    85 | D        | Reached ** piety under Trog
    89 | D        | Noticed Blork the orc
    94 | D        | Reached XP level 4. HP: 46/49 MP: 3/3
   103 | D        | Killed Blork the orc
   103 | D        | Reached *** piety under Trog
   104 | D        | Reached skill level 5 in Fighting
   104 | D        | Reached skill level 5 in Dodging
   104 | D        | Reached skill level 6 in Unarmed Combat
   104 | D        | Reached XP level 5. HP: 28/57 MP: 4/4
   177 | D        | Noticed an orc warrior
   177 | D        | Noticed an ice beast
   187 | D        | Reached **** piety under Trog
   193 | D        | Killed an orc warrior
   194 | D        | Reached skill level 7 in Unarmed Combat
   197 | D        | Reached ***** piety under Trog
   198 | D        | Reached XP level 6. HP: 60/68 MP: 5/5
   203 | D        | Reached skill level 8 in Unarmed Combat
   206 | D        | Killed an ice beast
   216 | D        | Received a gift from Trog
   234 | D        | Reached skill level 9 in Unarmed Combat
   267 | D        | Noticed a yak
   271 | D        | Killed a yak
   271 | D        | Received a gift from Trog
   272 | D        | Reached XP level 7. HP: 56/80 MP: 6/6
   296 | D        | Noticed a fire bat
   308 | D        | Killed a fire bat
   309 | D        | Reached skill level 10 in Unarmed Combat
   343 | D        | Noticed a black mamba
   343 | D        | Noticed a vampire mosquito
   343 | D        | Noticed a vampire mosquito
   349 | D        | Killed a vampire mosquito
   351 | D        | Killed a vampire mosquito
   352 | D        | Reached XP level 8. HP: 92/92 MP: 7/7
   356 | D        | Killed a black mamba
   356 | D        | Identified the +4 great sword of Trog's Brutal Revenge
                  | {heavy, Fragile rElec Dex+6} (Trog gifted it to you in the
                  | Dungeon)
   356 | D        | Received a gift from Trog
   357 | D        | Reached skill level 11 in Unarmed Combat
   457 | D        | Noticed a dream sheep
   461 | D        | Noticed a dream sheep
   466 | D        | Noticed a dream sheep
   467 | D        | Killed a dream sheep
   468 | D        | Reached skill level 10 in Fighting
   469 | D        | Noticed a dream sheep
   471 | D        | Killed a dream sheep
   472 | D        | Reached skill level 10 in Dodging
   477 | D        | Killed a dream sheep
   478 | D        | Reached skill level 12 in Unarmed Combat
   478 | D        | Reached XP level 9. HP: 100/102 MP: 8/8
   492 | D        | Noticed a two-headed ogre
   492 | D        | Noticed a great orb of eyes
   492 | D        | Noticed a smoke demon
   496 | D        | Killed a smoke demon
   504 | D        | Killed a great orb of eyes
   504 | D        | Received a gift from Trog
   505 | D        | Reached skill level 13 in Unarmed Combat
   506 | D        | Killed a two-headed ogre
   571 | D        | Noticed a wizard
   572 | D        | Noticed a cyclops
   576 | D        | Killed a wizard
   581 | D        | Killed a cyclops
   582 | D        | Reached XP level 10. HP: 115/115 MP: 9/9
   730 | D        | Noticed Urug
   742 | D        | Killed Urug
   743 | D        | Reached skill level 14 in Unarmed Combat
   793 | D        | Noticed a sun demon
   799 | D        | Killed a sun demon
  1009 | D        | Noticed Gastronok
  1014 | D        | Noticed a cane toad
  1018 | D        | Noticed an elephant
  1025 | D        | Killed Gastronok
  1026 | D        | Reached skill level 15 in Unarmed Combat
  1026 | D        | Received a gift from Trog
  1027 | D        | Killed a cane toad
  1030 | D        | Killed an elephant
  1032 | D        | Reached ****** piety under Trog
  1035 | D        | Reached XP level 11. HP: 73/127 MP: 10/10
  1037 | D        | Received a gift from Trog
  1065 | D        | Reached skill level 16 in Unarmed Combat
  1065 | D        | Noticed a sea snake
  1065 | D        | Noticed a wizard
  1097 | D        | Killed a sea snake
  1108 | D        | Killed a wizard
  1220 | D        | Received a gift from Trog
  1248 | D        | Noticed a six-headed hydra
  1248 | D        | Noticed Polyphemus
  1248 | D        | Noticed a fire crab
  1248 | D        | Noticed an orc knight
  1254 | D        | Killed an orc knight
  1259 | D        | Killed Polyphemus
  1260 | D        | Reached skill level 17 in Unarmed Combat
  1262 | D        | Killed a six-headed hydra
  1266 | D        | Reached skill level 15 in Fighting
  1266 | D        | Received a gift from Trog
  1272 | D        | Killed a fire crab
  1280 | D        | Reached skill level 15 in Dodging
  1287 | D        | Received a gift from Trog
  1291 | D        | Noticed a two-headed ogre
  1299 | D        | Killed a two-headed ogre
  1300 | D        | Reached XP level 12. HP: 64/143 MP: 11/11
  1302 | D        | Reached skill level 18 in Unarmed Combat
  1681 | D        | Noticed a merfolk javelineer
  1681 | D        | Noticed a white draconian
  1681 | D        | Noticed a fire dragon
  1685 | D        | Noticed a purple draconian
  1687 | D        | Killed a fire dragon
  1690 | D        | Identified the +3 battleaxe of Responsibility {flame,
                  | *Noise rPois Dex+3} (Trog gifted it to you in the Dungeon)
  1690 | D        | Received a gift from Trog
  1690 | D        | Identified the +5 ring mail "Pourch" {Will++ Str-5 Int+3}
  1691 | D        | Identified the +9 trident of Rocoz {freeze, Will+ rCorr}
  1698 | D        | HP: 5/216 [purple draconian/the +9 sword of Zonguldrok
                  | {reap} (33)]
  1699 | D        | Hit by a boomerang thrown by a merfolk

Illustrated notes

Levels and vault maps discovered:
D:        pitsprint [storerooms_1, entrance_room_1, metal_vault_4, armoury_2,
          mini_pit_1, grid_room_1, main_hall_1, silver_pit, the_coven_3,
          the_vestibule_1, steel_vault_1, golden_pit, hallway_of_sentries,
          crystal_vault_2, iron_vault_1, final_vault]

Skill      XL: |  1  2  3  4  5  6  7  8  9 10 11 12 |
---------------+-------------------------------------+-----
Fighting       | 4 5 6 8 9 10 12 13 15 | 15.7
Dodging        | 4 5 6 7 9 10 11 13 15 | 15.5
Unarmed Combat | 5 6 7 9 10 12 13 15 17 18 | 18.2

Action                     |  1- 3 |  4- 6 |  7- 9 | 10-12 || total
---------------------------+-------+-------+-------+-------++-------
  Melee: Unarmed           |    10 |    58 |    45 |   103 ||   216
         Punch             |       |       |     2 |     9 ||    11
  Throw: Large rock        |       |       |       |     1 ||     1
 Invoke: Berserk           |       |       |     3 |     4 ||     7
         Brothers in Arms  |       |       |     1 |     5 ||     6
    Use: Potion            |       |       |       |     7 ||     7
   Stab: Sleeping          |     2 |       |       |       ||     2
         Confused          |       |       |       |     1 ||     1
         Invisible         |       |       |       |     1 ||     1
 Armour: Animal skin       |     8 |    39 |    22 |    97 ||   166
  Dodge: Dodged            |     4 |    26 |    20 |    86 ||   136

Table legend: (Time is in decaauts)
 A = Elapsed time spent in this place.
 B = Non-inter-level travel time spent in this place.
 C = Inter-level travel time spent in this place.
 D = Time resting spent in this place.
 E = Time spent auto-exploring this place.
 F = Levels seen in this place.
 G = Mean time per level.
                   A        B        C        D        E       F      G
               +--------+--------+--------+--------+--------+-----+--------+
         Total |   1714 |   1639 |     75 |    504 |    136 |   1 | 1714.0 |
       Dungeon |   1714 |   1639 |     75 |    504 |    136 |   1 | 1714.0 |
               +--------+--------+--------+--------+--------+-----+--------+

Top non-repeatable levels by time:
       D: 1714 daAuts
